AoeStats
← kV0t3

African Clearing

505157603Analyzed
3v3 RM · 23d ago on Sep 8, 2026· 20m 24s· 6 players
Game mode
Random Map
Map size
Normal (6 player)
Population
200
Speed
Normal
Resources
Standard
Victory
Conquest
Starting age
Dark Age
Ending age
Imperial Age
RankedLock teamsTeams togetherTeam positionsShared explorationLock speedFull tech treeHidden civsTurbo modeCheats
Victory
Defeat
🇦🇷 Inca · Argentina
1376
+11
🇦🇷 Berbers · Argentina
1366
+11
🇦🇷 Teutons · Argentina
1329
+12
🇦🇷 Shu · Argentina
1267
-12
🇦🇷 Romans · Argentina
1248
-11
🇦🇷 Khitans · Argentina
1237
-11
kV0t3
5:48 Loom
11:43 Feudal Age
12:20 Double-Bit Axe
16:54 Fletching
ZIZOU
12:57 Loom
14:42 Feudal Age
19:15 Castle Age
18:21 Double-Bit Axe
[@LLNET]ZADBACK
8:35 Loom
11:13 Feudal Age
11:52 Double-Bit Axe
15:41 Forging
Pepe :)
4:30 Loom
12:36 Feudal Age
Ipower
3:32 Loom
16:15 Feudal Age
19:59 Castle Age
18:02 Double-Bit Axe
18:27 Horse Collar
Atilafiorito
6:02 Loom
12:08 Feudal Age
16:20 Castle Age
14:55 Man-at-Arms
15:24 Double-Bit Axe
16:31 Scale Mail Armor
Connection lost

Rejoining the realm…

Still unreachable

The connection could not be restored.

Session expired

The server has moved on; the page needs a fresh start.